 Dungeon Crawl Stone Soup version 0.26-a0-388-gf3277c4969 (webtiles) character file.

Game seed: 12558072656894103969

1348 KristoblXynda the Slasher (level 8, 0/63 HPs)
             Began as a Black Draconian Monk on July 21, 2020.
             Was a Priest of Cheibriados.
             Killed from afar by an orc wizard (5 damage)
             ... with a magic dart
             ... on level 7 of the Dungeon.
             The game lasted 00:09:00 (6613 turns).

KristoblXynda the Slasher (Black Draconian Monk)    Turns: 6613, Time: 00:09:00

Health: 0/63       AC: 10    Str: 22    XL:     8   Next: 36%
Magic:  11/11      EV: 16    Int: 18    God:    Cheibriados [***...]
Gold:   353        SH:  0    Dex: 21    Spells: 7/7 levels left

rFire    . . .     SeeInvis .   a - +1 falchion
rCold    + . .     Faith    .   (no shield)
rNeg     . . .     Spirit   .   (armour unavailable)
rPois    +         Reflect  .   (helmet restricted)
rElec    +         Harm     .   C - scarf {+Inv}
rCorr    .                      r - +1 pair of gloves
MR       .....                  q - +1 pair of boots
Stlth    ++........             (no amulet)
HPRegen  0.20/turn              w - ring of poison resistance
MPRegen  0.12/turn              j - ring of protection from cold

@: short of breath, very slow
A: breathe lightning, unfitting armour, electricity resistance, cold-blooded, AC
+6
a: Breathe Lightning, Bend Time, Temporal Distortion, Renounce Religion, Evoke
Invisibility


You were on level 7 of the Dungeon.
You worshipped Cheibriados.
Cheibriados was most pleased with you.
You visited 2 branches of the dungeon, and saw 8 of its levels.

You collected 353 gold pieces.

Inventory:

Hand Weapons
 a - a +1 falchion (weapon)
Armour
 o - a +0 cloak
 q - a +1 pair of boots (worn)
 r - a +1 pair of gloves (worn)
 C - a scarf of invisibility (worn)
Jewellery
 j - a ring of protection from cold (right hand)
 w - a ring of poison resistance (left hand)
 B - an uncursed amulet of regeneration {unknown}
Wands
 v - a wand of disintegration (18)
Scrolls
 d - 2 scrolls of teleportation
 f - a scroll of blinking
 k - 3 scrolls of enchant weapon
 m - a scroll of noise {unknown}
 n - 2 scrolls of immolation
 s - a scroll of enchant armour {unknown}
 t - 3 scrolls of remove curse
 u - a scroll of amnesia {unknown}
 x - a scroll of magic mapping {unknown}
 y - a scroll of vulnerability {unknown}
 A - a scroll of identify
Potions
 b - a potion of mutation
 c - a potion of degeneration {unknown}
 e - a potion of heal wounds
 g - 2 potions of brilliance
 h - a potion of magic
 i - 5 potions of curing
 l - a potion of lignification
 p - a potion of stabbing
 z - a potion of haste


   Skills:
 - Level 3.3 Fighting
 * Level 7.9 Long Blades
 - Level 1.6 Throwing
 + Level 5.3 Dodging
 - Level 1.7 Stealth
 + Level 4.8 Invocations


You had 7 spell levels left.
You didn't know any spells.
Your spell library was empty.

Dungeon Overview and Level Annotations

Branches:
Dungeon (7/15)             Temple (1/1) D:6

Altars:
Ashenzari
Cheibriados
Dithmenos
Elyvilon
Fedhas
Hepliaklqana
Kikubaaqudgha
Okawaru
Qazlal
Sif Muna
Uskayaw
Vehumet
Wu Jian
Xom
Yredelemnul
Zin
The Shining One

Shops:
D:6 }

Annotations:
D:2 Sigmund
D:6 2 transporters, Gall2222's ghost, amateur KoAr


Innate Abilities, Weirdness & Mutations

You can breathe wild blasts of lightning.
Your glossy black scales are hard. (AC +6)
You cannot fit into any form of body armour.
You are resistant to electric shocks. (rElec)
You are cold-blooded and may be slowed by cold attacks.


Message History

You breathe a wild blast of lightning!
The orb of electricity explodes!
The orb of electricity engulfs the orc warrior!!
You kill the orc warrior!
Cheibriados appreciates the change of pace.
The orb of electricity engulfs the orc wizard!!
You kill the orc wizard!
Cheibriados appreciates the change of pace.
The orb of electricity engulfs you! You resist.
* * * LOW HITPOINT WARNING * * *
The orb of electricity engulfs the orc wizard!
The orc wizard is severely wounded.
Unknown command.
Unknown command.
You hit the orc wizard.
Your tail-slap misses the orc wizard.
The orc wizard is almost dead.
You hit the orc wizard.
The orc wizard is almost dead.
The orc wizard casts a spell at you. The magic dart hits you.
You die...

#.......###'#......
#...<#'## #.#.####.
#......#.# #.#.#..#
##.......####.#....#
#..####.#......# .....
#.#.....<+
....o.###.#.....(#####
......o...#...........#
####......#@##.######.#
#......#o##.#
#......)..#.#
###.........#.#
............#.#
.......#....#.#
.....#......#.#
.....#...#+##.# ..##
....# #.#


You could see an orc wizard.

Vanquished Creatures
  Grinder (D:5)
  Duvessa (D:7)
  An orc warrior (D:7)
  2 phantoms
  3 ogres
  Dowan (D:7)
  A scorpion (D:6)
  A howler monkey (D:5)
  Crazy Yiuf (D:5)
  3 hounds
  An orc priest (D:5)
  2 orc wizards
  A worker ant (D:4)
  5 adders
  3 dart slugs
  A worm (D:2)
  7 leopard geckos
  11 orcs
  2 ball pythons
  3 giant cockroaches
  8 goblins
  8 hobgoblins
  8 jackals (D:1)
  14 kobolds
  4 quokkas
  6 bats
  9 frilled lizards
  2 gnoll zombies (D:3)
  7 rats
117 creatures vanquished.

Notes
Turn   | Place    | Note
-------+----------+-------------------------------------------
     0 | D:1      | KristoblXynda the Draconian Monk began the quest for the
                  | Orb.
     0 | D:1      | Reached XP level 1. HP: 19/19 MP: 1/1
   110 | D:1      | Reached XP level 2. HP: 26/26 MP: 2/2
   528 | D:1      | Reached XP level 3. HP: 31/31 MP: 3/3
   533 | D:1      | Reached skill level 1 in Throwing
  1098 | D:2      | Reached skill level 4 in Long Blades
  1185 | D:2      | Noticed Sigmund
  1211 | D:2      | Reached XP level 4. HP: 22/38 MP: 4/4
  1700 | D:2      | Found a stormy altar of Qazlal.
  2499 | D:3      | Found a snail-covered altar of Cheibriados.
  2559 | D:3      | Became a worshipper of Cheibriados the Contemplative
  2559 | D:3      | Reached * piety under Cheibriados
  2559 | D:3      | Reached ** piety under Cheibriados
  2587 | D:3      | Found a basalt altar of Yredelemnul.
  3186 | D:3      | Found a shadowy altar of Dithmenos.
  3440 | D:4      | Reached XP level 5. HP: 45/45 MP: 5/5
  3524 | D:4      | Reached skill level 1 in Invocations
  3790 | D:4      | Reached skill level 5 in Long Blades
  3861 | D:4      | Noticed an ogre
  3871 | D:4      | Killed an ogre
  3871 | D:4      | Reached XP level 6. HP: 36/51 MP: 7/7
  4253 | D:5      | Entered Level 5 of the Dungeon
  4274 | D:5      | Noticed Grinder
  4289 | D:5      | Killed Grinder
  4289 | D:5      | Reached skill level 6 in Long Blades
  4289 | D:5      | Your scales start taking on a glossy black colour.
  4289 | D:5      | Reached XP level 7. HP: 27/57 MP: 7/9
  4289 | D:5      | Gained mutation: You are resistant to electric shocks.
                  | (rElec) [Black Draconian growth]
  4995 | D:5      | Reached *** piety under Cheibriados
  5233 | D:5      | Found a runed translucent door.
  5234 | D:5      | Noticed Crazy Yiuf
  5348 | D:5      | Killed Crazy Yiuf
  5510 | D:6      | Reached skill level 7 in Long Blades
  5671 | D:6      | Found a staircase to the Ecumenical Temple.
  5682 | Temple   | Entered the Ecumenical Temple
  6147 | D:6      | Noticed Gall2222's ghost (amateur KoAr)
  6155 | D:6      | Found a transporter.
  6193 | D:6      | Found Seimarext's Gadget Emporium.
  6212 | D:6      | Found a transporter.
  6467 | D:7      | Reached skill level 5 in Dodging
  6467 | D:7      | Reached XP level 8. HP: 44/63 MP: 11/11
  6559 | D:7      | Noticed Dowan
  6560 | D:7      | Noticed Duvessa
  6578 | D:7      | Killed Duvessa
  6583 | D:7      | Killed Dowan
  6613 | D:7      | Killed from afar by an orc wizard

Illustrated notes

Levels and vault maps discovered:
D:1:      kennysheep_arrival_forest, layout_basic
D:2:      layout_loops_corners, nicolae_qazlal_eye_of_the_storm, uniq_sigmund
D:3:      layout_loops_ring, nicolae_dithmenos_through_a_glass_darkly,
          kennysheep_slug_shrine, lemuel_zombie_altar_yredelemnul,
          minmay_misc_feat_room
D:4:      layout_loops_ring, minmay_misc_feat_enclosed
D:5:      layout_loops_ring, uniq_grinder, uniq_crazy_yiuf_cottage
D:6:      layout_loops_ring, minmay_temple_entry_slanted, gammafunk_ghost_arena,
          serial_shops, shop
D:7:      layout_basic, grunt_temple_overflow_opulence, kennysheep_mini,
          lemuel_doored_altar, uniq_duvessa
Temple:   eino_temple_water

Skill      XL: |  1  2  3  4  5  6  7 |
---------------+----------------------+-----
Dodging        | 3 4 5 |  5.3
Throwing       | 1 |  1.6
Long Blades    | 4 5 6 7 |  7.9
Invocations    | 2 4 |  4.8
Fighting       | |  3.3
Stealth        | |  1.7

Action                   |  1- 3 |  4- 6 |  7- 9 || total
-------------------------+-------+-------+-------++-------
Melee: Falchion          |   109 |   168 |   132 ||   409
       Tailslap          |    19 |    31 |    35 ||    85
 Abil: Breathe Lightning |       |       |     5 ||     5
  Use: Scroll            |     3 |     2 |     6 ||    11
       Potion            |       |     3 |       ||     3
 Stab: Sleeping          |     5 |    10 |     4 ||    19
       Distracted        |       |     1 |       ||     1
Armor: Skin              |    32 |    58 |    40 ||   130
Dodge: Dodged            |    91 |   106 |    73 ||   270
       Rpst.: Falchion   |    31 |    28 |    22 ||    81

Table legend: (Time is in decaauts)
 A = Elapsed time spent in this place.
 B = Non-inter-level travel time spent in this place.
 C = Inter-level travel time spent in this place.
 D = Time resting spent in this place.
 E = Time spent auto-exploring this place.
 F = Levels seen in this place.
 G = Mean time per level.
                   A        B        C        D        E       F      G
               +--------+--------+--------+--------+--------+-----+--------+
         Total |   8102 |   7977 |    125 |   1330 |   5163 |   8 | 1012.8 |
       Dungeon |   7751 |   7648 |    103 |   1330 |   4836 |   7 | 1107.3 |
        Temple |    350 |    328 |     22 |      0 |    326 |   1 |  350.0 |
               +--------+--------+--------+--------+--------+-----+--------+
Top levels by time: D:5: 1635 daAuts D:1: 1334 daAuts D:4: 1194 daAuts D:2: 1176 daAuts D:3: 1167 daAuts D:6: 985 daAuts Temple: 350 daAuts D:7: 257 daAuts
